 Dungeon Crawl Stone Soup version 0.25.1-2-g60ff931df9 (webtiles) character file.

Game seed: 5897882039920390582

1604 Delamore the Basher (level 8, -1/49 HPs)
             Began as a Gargoyle Fighter on Sept 7, 2020.
             Slain by a goblin
             ... wielding a +0 hand axe
              (2 damage)
             ... in a bailey.
             The game lasted 00:06:44 (7198 turns).

Delamore the Basher (Gargoyle Fighter)              Turns: 7198, Time: 00:06:45

Health: -1/49      AC: 15    Str: 24    XL:     8   Next: 94%
Magic:  8/8        EV: 10    Int:  9    God:
Gold:   393        SH:  6    Dex:  9    Spells: 7/7 levels left

rFire    + . .     SeeInvis .   w - +2 flail (holy)
rCold    . . .     Gourm    .   y - +2 buckler
rNeg     + . .     Faith    .   A - +2 ring mail {rF+}
rPois    ∞         Spirit   .   (no helmet)
rElec    +         Reflect  .   (no cloak)
rCorr    .         Harm     .   (no gloves)
MR       +....                  (no boots)
Stlth    ..........             (no amulet)
HPRegen  0.16/turn              b - ring of flight
MPRegen  0.11/turn              p - ring of protection from magic

@: flying
A: slimy green scales 1, negative energy resistance 1, electricity resistance,
strong 1, unbreathing, petrification resistance, rot immunity, AC +5
a: Stop Flying


You were in a bailey.
You were not hungry.

You visited 1 branch of the dungeon, and saw 7 of its levels.
You also visited: Bailey.

You collected 393 gold pieces.

Inventory:

Hand Weapons
 a - a +0 flail
 r - a +0 mace of protection
 w - a +2 flail of holy wrath (weapon)
Missiles
 m - 18 poisoned darts (quivered)
 x - 25 boomerangs
Armour
 c - a +0 kite shield
 y - a +2 buckler (worn)
 A - a +2 ring mail of fire resistance (worn)
Jewellery
 b - a ring of flight (left hand)
 n - an uncursed ring of protection from magic
 p - a ring of protection from magic (right hand)
Wands
 D - a wand of enslavement (5)
Scrolls
 g - a scroll of identify {unknown}
 i - 2 scrolls of remove curse
 l - 3 scrolls of teleportation
 o - a scroll of fog {unknown}
 q - a scroll of fear {unknown}
 u - a scroll of amnesia
 C - 2 scrolls of blinking {unknown}
 F - a scroll of enchant armour {unknown}
 G - a scroll of enchant weapon
Potions
 d - a potion of might
 e - a potion of degeneration {unknown}
 h - 2 potions of stabbing {unknown}
 j - 2 potions of mutation
 k - 2 potions of curing {unknown}
 s - a potion of heal wounds {unknown}
 t - a potion of invisibility {unknown}
 v - a potion of flight {unknown}
 B - 3 potions of resistance
 E - 2 potions of magic {unknown}
Comestibles
 f - 14 rations


   Skills:
 - Level 5.0 Fighting
 + Level 10.0 Maces & Flails
 - Level 3.2 Armour
 - Level 5.0 Shields


You had 7 spell levels left.
You didn't know any spells.
Your spell library contained the following spells:

 Spells                   Type           Power        Failure   Level  Hunger
 Sandblast                Erth           #.....       52%         1    ##.....
 Sting                    Tmut/Pois      #...         52%         1    ##.....
 Passwall                 Tmut/Erth      #.......     67%         2    ###....
 Poisonous Vapours        Pois/Air       #.....       67%         2    ###....
 Ignite Poison            Fire/Tmut/Pois #.......     88%         3    ####...
 Mephitic Cloud           Conj/Pois/Air  #.......     88%         3    ####...
 Stone Arrow              Conj/Erth      #.....       88%         3    ####...
 Olgreb's Toxic Radiance  Pois           #.......     99%         4    #####..
 Petrify                  Tmut/Erth      #.......     99%         4    #####..
 Lee's Rapid Deconstruct  Erth           #.........   100%        5    ######.


Dungeon Overview and Level Annotations

Branches:
Dungeon (7/15)             Bailey (1/1)
 Temple: D:4-7

Altars:
Qazlal
Ru

Shops:
D:7 %

Annotations:
Bailey 3 runed translucent doors


Innate Abilities, Weirdness & Mutations

You are resistant to torment.
Your stone body is resilient. (AC +5)
You are immune to poison.
You resist negative energy. (rN+)
You are resistant to electric shocks. (rElec)
You can survive without breathing.
You are immune to petrification.
You are immune to rotting.
You are partially covered in slimy green scales. (AC +2)
Your muscles are strong. (Str +2)


Message History

The orc knight is moderately wounded.
The orc knight hits you with a +0 war axe.
The goblin hits you but does no damage.
You hit the orc knight but do no damage.
The orc knight is moderately wounded.
The orc knight hits you with a +0 war axe.
The goblin hits you but does no damage.
You hit the orc knight.
The orc knight is moderately wounded.
You closely miss the orc knight.
The orc knight is moderately wounded.
The orc knight hits you with a +0 war axe!!
* * * LOW HITPOINT WARNING * * *
The goblin hits you but does no damage.
Okay, then.
It was a potion of mutation.
You feel extremely strange.
Slimy green scales grow over part of your body.
You feel stronger. The goblin hits you with a +0 hand axe.
You die...

#...+≈≈.........#....)†....
#...+≈≈....∩....#....†'...∩
#...+o≈........g#....))(...
#...##≈8.8.g.8.8##....#....
##..g.#≈..... ..!≈#....##...
##.....#≈g#≈. ..|≈#.....##..
##.....÷####≈≈ ≈≈##......##≈
#...8....)(#########(.......#≈
#........).(g@o(((((÷.8..8..#≈
#..........#≈≈≈≈≈#..........#≈
##..8..8...#≈≈≈≈≈#.........##
##.......##≈≈≈≈≈##...8...##
##.....##..÷....##.....##
##...##.........##...##
#####♣♣♣.....♣♣♣ #### ♣♣♣∩♣♣♣
♣♣♣


You could see an orc knight (very poisoned) and a goblin.

Vanquished Creatures
  Menkaure (D:5)
  A black bear (D:6)
  An orc warrior (Bailey)
  2 ogres (D:4)
  A necrophage (D:6)
  A centaur (D:5)
  The ghost of crab the Chiller, an amateur OpIE (D:3)
  A crimson imp (D:6)
  2 hounds (D:6)
  An orc priest (D:3)
  4 iguanas
  7 orc wizards
  4 worker ants
  A killer bee zombie (D:6)
  A worker ant zombie (D:5)
  6 gnolls
  9 adders
  2 shadow imps (D:6)
  2 adder skeletons
  3 dart slugs
  4 leopard geckos
  38 orcs
  6 bats
  7 giant cockroaches
  8 goblins
  6 hobgoblins
  8 jackals
  18 kobolds
  A quokka (D:4)
  8 frilled lizards
  A jackal zombie (D:5)
  A quokka skeleton (D:6)
  7 rats
164 creatures vanquished.

Notes
Turn   | Place    | Note
-------+----------+-------------------------------------------
     0 | D:1      | Delamore the Gargoyle Fighter began the quest for the Orb.
     0 | D:1      | Reached XP level 1. HP: 14/14 MP: 1/1
   405 | D:1      | Reached XP level 2. HP: 19/19 MP: 2/2
   854 | D:1      | Reached XP level 3. HP: 24/24 MP: 3/3
  1251 | D:2      | Reached XP level 4. HP: 29/29 MP: 4/4
  1320 | D:2      | Reached skill level 3 in Maces & Flails
  2510 | D:3      | Reached XP level 5. HP: 33/34 MP: 5/5
  2843 | D:3      | Found a runed translucent door.
  2846 | D:3      | Noticed crab's ghost (amateur OpIE)
  3240 | D:3      | Killed crab's ghost
  3240 | D:3      | Reached skill level 5 in Fighting
  3240 | D:3      | Reached skill level 4 in Maces & Flails
  3240 | D:3      | Reached skill level 5 in Shields
  3240 | D:3      | Reached XP level 6. HP: 37/40 MP: 6/6
  3421 | D:4      | Reached skill level 5 in Maces & Flails
  3642 | D:4      | Reached XP level 7. HP: 15/44 MP: 7/7
  3653 | D:4      | Reached skill level 6 in Maces & Flails
  4602 | D:5      | Entered Level 5 of the Dungeon
  4990 | D:5      | Noticed Menkaure
  4998 | D:5      | Killed Menkaure
  5059 | D:5      | Reached skill level 7 in Maces & Flails
  5104 | D:5      | Found a stormy altar of Qazlal.
  5321 | D:5      | Reached XP level 8. HP: 41/49 MP: 8/8
  5665 | D:6      | Reached skill level 8 in Maces & Flails
  5946 | D:6      | Reached skill level 9 in Maces & Flails
  6294 | D:6      | Found a sacrificial altar of Ru.
  6749 | D:7      | Found Ograarru's Food Boutique.
  6780 | D:7      | Found a flagged portal.
  6785 | Bailey   | Entered a bailey
  6822 | Bailey   | Noticed an orc warlord
  6924 | Bailey   | Reached skill level 10 in Maces & Flails
  7137 | Bailey   | Found a runed translucent gate.
  7139 | Bailey   | Found a runed translucent gate.
  7141 | Bailey   | Found a runed translucent gate.
  7148 | Bailey   | Noticed an orc knight
  7197 | Bailey   | HP: 1/49 [orc knight/+0 war axe (22)]
  7198 | Bailey   | Gained mutation: You are partially covered in slimy green
                  | scales. (AC +2) [potion of mutation]
  7198 | Bailey   | Gained mutation: Your muscles are strong. (Str +2) [potion
                  | of mutation]
  7198 | Bailey   | Slain by a goblin

Illustrated notes

Levels and vault maps discovered:
D:1:      dpeg_arrival_arbitrary_a, layout_basic
D:2:      layout_rooms, first_ration
D:3:      layout_loops_ring, cheibrodos_sewer_entry_drain,
          ebering_ghost_reflecting_pool
D:4:      layout_loops_corners
D:5:      layout_basic, chequers_garden, grunt_qazlal_sundering, uniq_menkaure
D:6:      layout_loops_ring, basic_altar
D:7:      layout_cave_pools, makhleb_altar_promises_db,
          minmay_temple_entry_statues_fountains, serial_column_ruins,
          column_ruins_columns_straight, column_ruins_grid_1,
          column_ruins_grid_1, enter_bailey_3, serial_shops, shop, st_stairs_8,
          grunt_livestock, tso_altar
Bailey:   bailey_axe_bossmonster_kennysheep, bailey

Skill      XL: |  1  2  3  4  5  6  7  8 |
---------------+-------------------------+-----
Shields        | 4 5 |  5.0
Fighting       | 4 5 |  5.0
Maces & Flails | 3 4 5 7 10 | 10.0
Armour         | |  3.2

Action                   |  1- 3 |  4- 6 |  7- 9 || total
-------------------------+-------+-------+-------++-------
Melee: Flail             |   141 |   230 |   274 ||   645
       Mace              |       |    77 |       ||    77
Throw: Dart              |       |       |    18 ||    18
 Abil: Evoke Flight      |       |       |     3 ||     3
  Use: Scroll            |       |       |     5 ||     5
       Potion            |       |       |     1 ||     1
  Eat: Chunk             |     1 |     9 |    14 ||    24
Armor: Scale mail        |   122 |   104 |       ||   226
       Chain mail        |       |   156 |     8 ||   164
       Ring mail         |       |       |   154 ||   154
Dodge: Dodged            |    63 |   160 |   159 ||   382
Block: Kite shield       |   121 |    56 |       ||   177
       Buckler           |       |    94 |   109 ||   203
